 Dungeon Crawl Stone Soup version 0.27-a0-1228-gfd60fd639a (webtiles) character file.

Game seed: 15146369219178946489

40 ZappyNine the Stinger (level 3, -7/19 HPs)
             Began as a Gargoyle Venom Mage on June 7, 2021.
             Mangled by Sigmund
             ... wielding a +0 scythe
              (12 damage)
             ... on level 3 of the Dungeon.
             The game lasted 00:04:11 (2535 turns).

ZappyNine the Stinger (Gargoyle Venom Mage)         Turns: 2535, Time: 00:04:12

Health: -7/19      AC:  5    Str: 11    XL:     3   Next: 50%
Magic:  1/6        EV: 11    Int: 16    God:
Gold:   79         SH:  0    Dex: 10    Spells: 5/7 levels left

rFire    . . .     SeeInvis .   b - +1 dagger
rCold    . . .     Faith    .   (no shield)
rNeg     + . .     Spirit   .   a - +0 robe
rPois    ∞         Reflect  .   (no helmet)
rElec    +         Harm     .   (no cloak)
rCorr    .         Rampage  .   (no gloves)
Will     .....                  (no boots)
Stlth    +.........             (no amulet)
HPRegen  0.06/turn              (no ring)
MPRegen  0.10/turn              (no ring)

@: confused, weak-willed
A: sickness immunity, AC +3, negative energy resistance 1, electricity
resistance, torment resistance 1, petrification resistance
a: no special abilities


You were on level 3 of the Dungeon.
You visited 1 branch of the dungeon, and saw 3 of its levels.

You collected 79 gold pieces.

Inventory:

Hand Weapons
 b - a +1 dagger (weapon)
Armour
 a - a +0 robe (worn)
Jewellery
 h - a +6 ring of strength
Potions
 c - a potion of invisibility {unknown}
 d - a potion of attraction {unknown}
 e - a potion of curing
 f - a potion of might {unknown}
 k - a potion of heal wounds
 m - a potion of lignification {unknown}


   Skills:
 - Level 1.5 Dodging
 - Level 2.1 Stealth
 + Level 2.6 Spellcasting
 + Level 1.5 Transmutations
 + Level 3.5 Poison Magic


You had 5 spell levels left.
You knew the following spells:

 Your Spells              Type           Power      Damage    Failure   Level
b - Poisonous Vapours     Pois/Air       14%        N/A       14%         2

Your spell library contained the following spells:

 Spells                   Type           Power      Damage    Failure   Level
 Sting                    Tmut/Pois      40%        1d5       7%          1
 Corona                   Hex            2%         N/A       21%         1
 Ignite Poison            Fire/Tmut/Pois 7%         N/A       28%         3
 Ensorcelled Hibernation  Hex/Ice        4%         N/A       30%         2
 Mephitic Cloud           Conj/Pois/Air  5%         N/A       36%         3
 Olgreb's Toxic Radiance  Pois           13%        N/A       41%         4
 Confusing Touch          Hex            2%         N/A       52%         3
 Dazzling Flash           Conj/Hex       4%         N/A       52%         3
 Tukima's Dance           Hex            2%         N/A       52%         3


Dungeon Overview and Level Annotations

Branches:
Dungeon (3/15)

Altars:

Annotations:
D:3 Sigmund


Innate Abilities, Weirdness & Mutations

You are immune to sickness and miasma.
Your stone body is resilient. (AC +3)
You are immune to poison.
You resist negative energy. (rN+)
You are resistant to electric shocks. (rElec)
You are resistant to unholy torment.
You are immune to petrification.


Message History

Aiming: Poisonous Vapours (safe; 14% risk of failure)
Press: ? - help, Dir - move target, f/p - Sigmund
Aim: Sigmund, wielding a +0 scythe and wearing a +0 robe (moderately wounded, very poisoned) Poisonous vapours surround Sigmund!
Sigmund is engulfed in poison gas.
Sigmund looks even sicker.
Sigmund barely misses you.
Unknown command.
Casting: Poisonous Vapours (safe; 14% risk of failure)
Confirm with . or Enter, or press ? or * to list all spells.
You don't have enough magic to cast this spell.
Unknown command.
Sigmund completely misses you.
There is a stone staircase leading down here.
Unknown command.
You closely miss Sigmund.
Sigmund is moderately wounded.
Sigmund gestures at you while chanting. The magic dart hits you.
Unknown command.
You hit Sigmund.
Sigmund is moderately wounded.
Sigmund hits you with a +0 scythe. The frilled lizard barely misses you.
Unknown command.
You hit Sigmund but do no damage.
Sigmund is moderately wounded.
Sigmund points at you and mumbles some strange words.
You are confused.
The frilled lizard bites you.
* * * LOW HITPOINT WARNING * * *
Unknown command.
Unknown command.
Sigmund barely misses you. The frilled lizard misses you.
Unknown command.
Sigmund casts a spell.
Sigmund flickers and vanishes!
Deactivating autopickup; reactivate with Ctrl-A.
The frilled lizard misses you.
Unknown command.
You bump into the rock wall.
Something hits you!
Ouch! That really hurt!
You die...

#.#.# # #.#.#.# #.#.#.#
########...#.#
#............
#.#<........
#####.#######..########.
....#.........<.@.......
.......######.>l........
...###.÷......{..#######
.. #...........# .
###.........#
#.........# ##.#
###.......# ...#
#.......# ## ###.......#


You could see a frilled lizard.

Vanquished Creatures
  4 ball pythons
  5 bats
  4 endoplasms
  3 giant cockroaches
  6 goblins
  2 hobgoblins
  2 kobolds (D:2)
  2 quokkas
  A frilled lizard (D:1)
  3 rats (D:2)
32 creatures vanquished.

Notes
Turn   | Place    | Note
-------+----------+-------------------------------------------
     0 | D:1      | ZappyNine the Gargoyle Venom Mage began the quest for the
                  | Orb.
     0 | D:1      | Reached XP level 1. HP: 10/10 MP: 3/3
    53 | D:1      | Reached skill level 1 in Transmutations
   208 | D:1      | Reached XP level 2. HP: 13/15 MP: 5/5
   211 | D:1      | Learned a level 2 spell: Poisonous Vapours
  1599 | D:2      | Reached XP level 3. HP: 19/19 MP: 3/6
  2301 | D:3      | Noticed Sigmund
  2535 | D:3      | Mangled by Sigmund

Illustrated notes

Levels and vault maps discovered:
D:1:      nzn_arrival_crosshair, layout_basic, minmay_tetromino_i2
D:2:      layout_basic
D:3:      layout_basic, amcnicky_altar_gilded, basic_ecumenical_altar,
          serial_shops, shop, minmay_quantized, uniq_sigmund, uniq_ijyb

Skill      XL: |  1 |
---------------+----+-----
Transmutations | 1 |  1.5
Dodging        | |  1.5
Stealth        | |  2.1
Spellcasting   | |  2.6
Poison Magic   | |  3.5

Action                   || total
-------------------------++-------
Melee: Dagger            ||    34
       Unarmed           ||     3
 Cast: Sting             ||    11
       Poisonous Vapours ||    26
  Use: Scroll            ||     6
 Stab: Sleeping          ||     1
Armor: Robe              ||    13
Dodge: Dodged            ||    30

Table legend: (Time is in decaauts)
 A = Elapsed time spent in this place.
 B = Non-inter-level travel time spent in this place.
 C = Inter-level travel time spent in this place.
 D = Time resting spent in this place.
 E = Time spent auto-exploring this place.
 F = Levels seen in this place.
 G = Mean time per level.
                   A        B        C        D        E       F      G
               +--------+--------+--------+--------+--------+-----+--------+
         Total |   2536 |   2475 |     61 |    357 |   1883 |   3 |  845.3 |
       Dungeon |   2536 |   2475 |     61 |    357 |   1883 |   3 |  845.3 |
               +--------+--------+--------+--------+--------+-----+--------+

Top non-repeatable levels by time:
     D:1: 1508 daAuts
     D:2: 929 daAuts
     D:3: 97 daAuts
